 Dungeon Crawl Stone Soup version 0.30-a0-870-gc5d4c5acee (webtiles) character file.

Game seed: 8994097163656720844

614 greasedhog the Shooter (level 7, -3/44 HPs)
             Began as a Gargoyle Hexslinger on Mar 12, 2023.
             Was an Initiate of Okawaru.
             Slain by a gnoll sergeant
             ... wielding a +0 spear
              (5 damage)
             ... on level 6 of the Dungeon.
             The game lasted 00:09:14 (3412 turns).

greasedhog the Shooter (Gargoyle Hexslinger)        Turns: 3412, Time: 00:09:15

Health: -3/44      AC:  7    Str: 14    XL:     7   Next: 44%
Magic:  8/8        EV: 11    Int: 13    God:    Okawaru [......]
Gold:   241        SH:  0    Dex: 12    Spells: 7/8 levels left

rFire   + . .      SeeInvis .    q - +0 short sword (drain)
rCold   . . .      Faith    .    (no shield)
rNeg    + . .      Spirit   .    s - +0 leather armour
rPois   ∞          Reflect  .    (no helmet)
rElec   +          Rampage  .    (no cloak)
rCorr   .                        (no gloves)
Will    .....                    (no boots)
Stlth   +                        h - amulet of regeneration
HPRegen 1.07/turn                m - ring of protection from fire
MPRegen 0.11/turn                (no ring)

@: no status effects
A: sickness immunity, AC +4, negative energy resistance 1, electricity
resistance, torment resistance 1, petrification resistance
a: Renounce Religion


You were on level 6 of the Dungeon.
You worshipped Okawaru.
Okawaru was noncommittal.
You visited 2 branches of the dungeon, and saw 7 of its levels.
You also visited: Sewer.

You collected 241 gold pieces.

Inventory:

Hand Weapons
 a - a +1 sling
 q - a +0 short sword of draining (weapon)
Missiles
 o - a curare-tipped dart
Armour
 g - the +1 robe "Figyewus" {rC++ rCorr Str+2 Slay-6}
   (You found it on level 2 of the Dungeon)

   Str:       It affects your strength (+2).
   Slay:      It affects your accuracy & damage with ranged weapons and melee
   (-6).
   rC:        It greatly protects you from cold.
   rCorr:     It protects you from acid and corrosion.
 s - a +0 leather armour (worn)
Jewellery
 h - an amulet of regeneration (around neck)
 m - a ring of protection from fire (left hand)
 v - a ring of willpower
Wands
 f - a wand of iceblast (1)
Scrolls
 c - a scroll of fear {unknown}
 i - a scroll of teleportation
 l - 2 scrolls of enchant armour {unknown}
 t - a scroll of immolation {unknown}
 w - a scroll of blinking {unknown}
 y - a scroll of vulnerability {unknown}
Potions
 b - a potion of berserk rage {unknown}
 d - 6 potions of haste
 e - a potion of curing
 j - a potion of ambrosia {unknown}
 k - a potion of lignification {unknown}
 n - 2 potions of heal wounds {unknown}
 p - a potion of brilliance {unknown}
 r - 2 potions of resistance {unknown}
 u - a potion of might {unknown}
 x - a potion of attraction {unknown}
 z - a potion of experience {unknown}
 A - a potion of degeneration {unknown}


   Skills:
 + Level 4.8 Fighting
 * Level 6.7 Ranged Weapons
 - Level 1.5 Dodging
 - Level 1.0 Spellcasting
 - Level 2.6 Hexes


You had 7 spell levels left.
You knew the following spells:

 Your Spells              Type           Power      Damage    Failure   Level
a - Slow                  Hex            28%        N/A       12%         1

Your spell library contained the following spells:

 Spells                   Type           Power      Damage    Failure   Level
 Apportation              Tloc           0%         N/A       34%         1
 Magic Dart               Conj           0%         1d3       34%         1
 Inner Flame              Hex/Fire       4%         N/A       52%         3
 Portal Projectile        Hex/Tloc       8%         N/A       52%         3
 Mephitic Cloud           Conj/Pois/Air  0%         N/A       71%         3
 Ozocubu's Armour         Ice            0%         N/A       71%         3
 Cause Fear               Hex            3%         N/A       75%         4
 Manifold Assault         Tloc           0%         N/A       98%         4
 Metabolic Englaciation   Hex/Ice        2%         N/A       99%         5
 Alistair's Intoxication  Tmut/Pois      0%         N/A       100%        5
 Blade Hands              Tmut           0%         N/A       100%        5
 Irradiate                Conj/Tmut      0%         3d11      100%        5
 Dispersal                Tloc           0%         N/A       100%        6
 Dragon Form              Tmut           0%         N/A       100%        7
 Disjunction              Tloc           0%         N/A       100%        8
 Call Imp                 Summ           Unusable   N/A       N/A         2
 Simulacrum               Ice/Necr       Unusable   N/A       N/A         6

Dungeon Overview and Level Annotations

Branches:
Dungeon (6/15)             Temple (1/1) D:4           Sewer (visited)

Altars:
Ashenzari
Cheibriados
Dithmenos
Fedhas
Gozag
Hepliaklqana
Kikubaaqudgha
Makhleb
Okawaru
Qazlal
Sif Muna
Trog
Uskayaw
Vehumet
Wu Jian
Xom
Yredelemnul
The Shining One

Annotations:
D:5 Sigmund


Innate Abilities, Weirdness & Mutations

You are immune to sickness and miasma.
Your stone body is resilient. (AC +4)
You are immune to poison.
You resist negative energy. (rN+)
You are resistant to electric shocks. (rElec)
You are resistant to unholy torment.
You are immune to petrification.


Message History

You kill the gnoll!
Okawaru accepts your kill.
The gnoll sergeant hits you from afar with a +0 spear.
An orc wizard comes into view. It is wielding a +0 dagger.
Aiming: Iceblast
Press: ? - help, Shift-Dir - straight line, f/p - gnoll sergeant
Aim: a gnoll sergeant, wielding a +0 spear, wearing a +0 scale mail and carrying a wand of iceblast (6) (heavily wounded)
The mass of ice explodes!
The iceblast engulfs the gnoll sergeant.
The gnoll sergeant is severely wounded.
The iceblast engulfs the gnoll!
You kill the gnoll!
Okawaru accepts your kill.
The gnoll sergeant hits you from afar with a +0 spear.
An orc wizard comes into view. It is wielding a +0 dagger.
You sense an unholy aura.
q - a +0 short sword of draining (weapon)
An orc priest comes into view. It is wielding a +0 whip.
The orc priest shouts!
The gnoll sergeant misses you.
There is an open door here.
You hit the gnoll sergeant but do no damage.
The gnoll sergeant is severely wounded.
The gnoll sergeant hits you but does no damage.
You barely miss the gnoll sergeant.
The gnoll sergeant is severely wounded.
The gnoll sergeant hits you with a +0 spear!
* * * LOW HITPOINT WARNING * * *
You barely miss the gnoll sergeant.
The gnoll sergeant is severely wounded.
The gnoll sergeant closely misses you.
Okay, then.
You feel better.
The gnoll sergeant hits you with a +0 spear!
* * * LOW HITPOINT WARNING * * *
The gnoll sergeant attacks as you move away!
The gnoll sergeant hits you with a +0 spear.
* * * LOW HITPOINT WARNING * * *
The gnoll sergeant hits you from afar with a +0 spear.
You die...

#.##....8....##.#..###.###.#
#..##.......##..#....#.# #.#
#...'.......'.).#.##.#.# #.#
##..)....##."#.##.#.###..
#....#...o##[#.##....##..
#..##'##oo#.(#........#..
#.##...##g#.##..........#
.#.####'#######'####.##.....###
..........†...@............####
#.......#########.....#........
######### ###############


You could see a gnoll sergeant and 2 orc wizards.

Vanquished Creatures
  3 kobold brigands (Sewer)
  A howler monkey (D:6)
  An orc priest (D:3)
  A hound (D:6)
  2 jellies (D:6)
  A sleepcap (D:6)
  An iguana (D:6)
  4 gnolls
  2 adders
  A shadow imp (D:5)
  A white imp (D:4)
  An ufetubus (D:6)
  2 worms
  6 dart slugs
  8 orcs
  4 bats
  6 endoplasms
  7 giant cockroaches
  7 goblins
  8 hobgoblins
  2 quokkas
  6 ball pythons
  3 frilled lizards
  20 kobolds
  8 rats
  A spectral orc (D:3)
107 creatures vanquished.

Vanquished Creatures (others)
  A fungus (Sewer)
  5 plants (Sewer)
6 creatures vanquished.

Grand Total: 113 creatures vanquished

Notes
Turn   | Place    | Note
-------+----------+-------------------------------------------
     0 | D:1      | greasedhog the Gargoyle Hexslinger began the quest for the
                  | Orb.
     0 | D:1      | Reached XP level 1. HP: 12/12 MP: 2/2
    83 | D:1      | Reached XP level 2. HP: 13/16 MP: 1/3
   253 | D:1      | Reached skill level 3 in Ranged Weapons
   253 | D:1      | Reached XP level 3. HP: 20/21 MP: 4/4
   757 | D:2      | Identified the +1 robe "Figyewus" {rC++ rCorr Str+2 Slay-6}
   973 | D:2      | Reached XP level 4. HP: 27/27 MP: 5/5
  1400 | D:3      | Reached skill level 4 in Ranged Weapons
  1520 | D:3      | Found a glowing drain.
  1550 | Sewer    | Entered a sewer
  1568 | Sewer    | Noticed a kobold brigand
  1571 | Sewer    | Killed a kobold brigand
  1572 | Sewer    | Reached XP level 5. HP: 31/32 MP: 6/6
  1676 | Sewer    | Noticed a kobold brigand
  1676 | Sewer    | Noticed a kobold brigand
  1683 | Sewer    | Killed a kobold brigand
  1683 | Sewer    | Killed a kobold brigand
  1684 | Sewer    | Reached skill level 5 in Ranged Weapons
  1684 | Sewer    | Reached XP level 6. HP: 38/38 MP: 7/7
  1886 | D:3      | Found a shadowy altar of Dithmenos.
  1886 | D:3      | Found a blossoming altar of Fedhas.
  2045 | D:3      | Found a basalt altar of Yredelemnul.
  2681 | D:4      | Found a staircase to the Ecumenical Temple.
  2693 | Temple   | Entered the Ecumenical Temple
  2738 | Temple   | Became a worshipper of Warmaster Okawaru
  2975 | D:5      | Entered Level 5 of the Dungeon
  3082 | D:5      | Noticed Sigmund
  3256 | D:6      | Reached skill level 6 in Ranged Weapons
  3256 | D:6      | Reached XP level 7. HP: 43/44 MP: 8/8
  3412 | D:6      | HP: 1/44 [gnoll sergeant/+0 spear (4)]
  3412 | D:6      | Slain by a gnoll sergeant

Illustrated notes

Levels and vault maps discovered:
D:1:      enne_arrival_octagon_isle, layout_basic, minivault_14
D:2:      layout_rooms
D:3:      layout_rooms, yredelemnul_forgotten_temple_becter,
          chequers_temple_overflow_statue_of_worship,
          cheibrodos_sewer_entry_bend
D:4:      layout_loops_cross, temple_hall, serial_bayou_pond_a
D:5:      layout_basic, amethyst_overflow_temple_binary, uniq_sigmund
D:6:      corexii_shack_village, layout_loops_ring, minmay_pentangle
Temple:   eino_wide_crystal_templ

Skill      XL: |  1  2  3  4  5  6 |
---------------+-------------------+-----
Fighting       | 2 3 4 |  4.8
Ranged Weapons | 3 4 5 6 |  6.7
Dodging        | |  1.5
Spellcasting   | |  1.0
Hexes          | |  2.6

Action                     |  1- 3 |  4- 6 |  7- 9 || total
---------------------------+-------+-------+-------++-------
  Melee: Mace              |       |     9 |       ||     9
         Short sword       |       |    20 |    53 ||    73
         Punch             |       |       |     1 ||     1
   Fire: Sling             |   115 |   186 |    14 ||   315
   Cast: Slow              |     3 |       |       ||     3
  Evoke: Wand              |       |     5 |     3 ||     8
    Use: Scroll            |     1 |     4 |       ||     5
         Potion            |       |       |     1 ||     1
 Armour: Robe              |    19 |    35 |       ||    54
         Leather armour    |       |    16 |    21 ||    37
  Dodge: Dodged            |    29 |    79 |    37 ||   145

Table legend: (Time is in decaauts)
 A = Elapsed time spent in this place.
 B = Non-inter-level travel time spent in this place.
 C = Inter-level travel time spent in this place.
 D = Time resting spent in this place.
 E = Time spent auto-exploring this place.
 F = Levels seen in this place.
 G = Mean time per level.
                   A        B        C        D        E       F      G
               +--------+--------+--------+--------+--------+-----+--------+
         Total |   3498 |   3379 |    119 |     69 |   2397 |   8 |  437.2 |
       Dungeon |   3169 |   3058 |    111 |     69 |   2216 |   6 |  528.2 |
        Temple |     54 |     46 |      8 |      0 |     30 |   1 |   54.0 |
         Sewer |    274 |    274 |      0 |      0 |    150 |   1 |  274.0 |
               +--------+--------+--------+--------+--------+-----+--------+

Top non-repeatable levels by time:
     D:4: 765 daAuts
     D:1: 755 daAuts
     D:3: 699 daAuts
     D:2: 508 daAuts
     D:6: 303 daAuts
   Sewer: 274 daAuts
     D:5: 137 daAuts
  Temple: 54 daAuts
